 Dungeon Crawl Stone Soup version 0.20.0-7-g3b7b877 (webtiles) character file.

766 Rim the Stinger (level 7, -4/41 HPs)
             Began as an Octopode Venom Mage on May 29, 2017.
             Slain by an ice beast (8 damage)
             ... on level 5 of the Dungeon.
             The game lasted 00:27:50 (5909 turns).

Rim the Stinger (Octopode Venom Mage)               Turns: 5909, Time: 00:27:52

Health: -4/41      AC:  8    Str:  7    XL:     7   Next: 82%
Magic:  22/22      EV: 16    Int: 25    God:
Gold:   177        SH:  0    Dex: 12    Spells: 10/14 levels left

rFire    . . .     SeeInvis .   F - +4 flail (protect)
rCold    . . .     Gourm    .   (no shield)
rNeg     . . .     Faith    .   (helmet restricted)
rPois    .         Spirit   .   l - amulet of rage
rElec    .         Reflect  .   d - ring of magical power
rCorr    .         Harm     .   v - +2 ring of evasion
MR       .....                  g - +5 ring of intelligence
Stlth    +++.......             (no ring)
Regen    0.2/turn               (no ring)
MPRegen  0.2/turn               (no ring)
                                (no ring)
                                (no ring)

@: protection aura
A: almost no armour, stealthy swim, amphibious, 8 rings, constrict 8, camouflage
1, gelatinous body 1
a: Evoke Berserk Rage


You were on level 5 of the Dungeon.
You were hungry.

You visited 1 branch of the dungeon, and saw 5 of its levels.

You collected 177 gold pieces.

Inventory:

Hand Weapons
 c - a +0 dagger
 i - a +0 hunting sling
 m - a +3 whip
 n - a cursed -1 short sword
 o - a +2 vampiric halberd
 p - a +0 mace of venom
 B - a +2 whip of pain
 D - a +1 dagger of venom
 F - a +4 flail of protection (weapon)
Missiles
 j - 185 stones (quivered)
Jewellery
 d - a ring of magical power (left tentacle)
 g - a +5 ring of intelligence (on tentacle)
 l - an amulet of rage (around mantle)
 v - a +2 ring of evasion (right tentacle)
Wands
 q - a wand of iceblast (15/15)
Scrolls
 u - a scroll of random uselessness {unknown}
 y - a scroll of fear
 E - a scroll of identify
Potions
 h - 2 potions of cancellation {unknown}
 k - 2 potions of degeneration {unknown}
 r - 2 potions of heal wounds {unknown}
 t - a potion of brilliance {unknown}
 w - 2 potions of lignification {unknown}
 x - a potion of flight {unknown}
 z - 2 potions of curing {unknown}
 A - a potion of resistance {unknown}
 C - a potion of agility {unknown}
Books
 a - a Young Poisoner's Handbook

   Spells                             Type                      Level
   a - Sting                          Conjuration/Poison           1
   b - Poisonous Vapours              Poison/Air                   2
   c - Mephitic Cloud                 Conjuration/Poison/Air       3
   d - Olgreb's Toxic Radiance        Poison                       4
   e - Venom Bolt                     Conjuration/Poison           5
Comestibles
 b - 5 bread rations
 f - a meat ration
 s - 2 royal jellies


   Skills:
 + Level 3.0 Dodging
 - Level 3.1 Stealth
 - Level 4.0 Spellcasting
 + Level 4.6 Conjurations
 + Level 7.1 Poison Magic


You had 10 spell levels left.
You knew the following spells:

 Your Spells              Type           Power        Failure   Level  Hunger
a - Sting                 Conj/Pois      ####         1%          1    None
b - Mephitic Cloud        Conj/Pois/Air  ###.....     5%          3    ##.....


Dungeon Overview and Level Annotations

Branches:
Dungeon (5/15)
 Temple: D:4-7

Altars:
Okawaru
Ru
Uskayaw
Zin
The Shining One


Innate Abilities, Weirdness & Mutations

You cannot wear most types of armour.
You are very stealthy in the water. (Stealth+)
You are amphibious.
You can wear up to eight rings at the same time.
You can use your tentacles to constrict eight enemies at once.
Your skin changes colour to match your surroundings (Stealth+).
Your rubbery body absorbs attacks. (AC +1, EV +1)


Message History

The ice beast closely misses you.
You sock the adder!
Your weapon exudes an aura of protection.
You kill the adder!
The ice beast completely misses you.
You see here an adder corpse.
An orc comes into view. It is wielding a short sword.
You closely miss the orc. You grab the orc.
You squeeze the orc, but do no damage.
You constrict the orc, but do no damage.
The orc completely misses you. The ice beast barely misses you.
The orc closely misses you.
You hit the orc.
Your weapon exudes an aura of protection.
The orc is moderately wounded.
You constrict the orc. The ice beast closely misses you.
The orc hits you but does no damage. The ice beast hits you.
* * * LOW HITPOINT WARNING * * *
The ice beast freezes you!
You die...

*,,,,,,,.)*#,########## #.......#
*,,,,,,,,,**,* #.#..#..#
***+********,***********#.##.#..#
***,* *,#,,,,,,,,,,..##.#..#
,,,,* *,#.#####***###*#.....
,**,********,#.#...* #.#..#
,,,,*,,,,,,,,,....,* #....#
***,*,*****,**,#o############...#
,,,,*,* *,,,,#@Yo..)....(.#...#
*****,* ******############.##..#
*,* *,,,,,,,,,,,,,,,*#.##..#
*,****,,,,,,***,,,,,,*#.##.>#
*,,,,,,,,,,,,**,,,,,,*#o##..#
******,,,,,,,**,,,,,,*#.##..#
*,,,,,,,**,,,,,,*#o.....
*,,,,,,,**,,,,,,*#...).)
*,,,,,,,****+****#....))


You could see an ice beast and 2 orcs.

Vanquished Creatures
  Edmund (D:5)
  A sky beast (D:5)
  A big kobold (D:4)
  A bullfrog skeleton (D:4)
  4 orc priests
  An iguana (D:4)
  An orc wizard (D:3)
  Natasha (D:1)
  A worker ant (D:5)
  A worker ant zombie (D:5)
  Robin (D:2)
  5 adders
  3 gnolls (D:2)
  An ooze (D:5)
  An adder skeleton (D:5)
  3 worms
  A dart slug (D:4)
  12 orcs
  2 ball pythons
  8 bats
  8 giant cockroaches
  17 goblins
  9 hobgoblins
  10 jackals
  15 kobolds
  4 quokkas
  7 frilled lizards
  A jackal skeleton (D:4)
  9 rats
130 creatures vanquished.

Notes
Turn   | Place    | Note
-------+----------+-------------------------------------------
     0 | D:1      | Rim the Octopode Venom Mage began the quest for the Orb.
     0 | D:1      | Reached XP level 1. HP: 11/11 MP: 3/3
   151 | D:1      | Reached XP level 2. HP: 17/17 MP: 0/5
   658 | D:1      | Reached skill level 4 in Poison Magic
   805 | D:1      | Reached XP level 3. HP: 21/21 MP: 6/6
  1380 | D:2      | Noticed Robin
  1381 | D:2      | Noticed Natasha
  1637 | D:1      | Killed Natasha
  1637 | D:1      | Reached XP level 4. HP: 7/27 MP: 8/8
  2372 | D:2      | Reached XP level 5. HP: 31/31 MP: 9/9
  2491 | D:2      | Killed Robin
  2491 | D:2      | Reached skill level 5 in Poison Magic
  2852 | D:2      | Learned a level 3 spell: Mephitic Cloud
  2891 | D:2      | Found an iron altar of Okawaru.
  3368 | D:3      | Found a hide-covered altar of Uskayaw.
  4149 | D:4      | Reached XP level 6. HP: 36/36 MP: 11/11
  4550 | D:4      | Noticed a phantom
  4642 | D:4      | Found a glowing golden altar of the Shining One.
  4642 | D:4      | Found a glowing silver altar of Zin.
  4876 | D:4      | Reached skill level 6 in Poison Magic
  5037 | D:4      | Reached XP level 7. HP: 41/41 MP: 11/13
  5087 | D:5      | Entered Level 5 of the Dungeon
  5211 | D:5      | Found a sacrificial altar of Ru.
  5351 | D:5      | Noticed Edmund
  5425 | D:5      | Killed Edmund
  5648 | D:5      | Reached skill level 7 in Poison Magic
  5909 | D:5      | Slain by an ice beast

Skill      XL: |  1  2  3  4  5  6  7 |
---------------+----------------------+-----
Stealth        | 3 |  3.1
Poison Magic   | 4 5 6 7 |  7.1
Conjurations   | 2 3 4 |  4.6
Spellcasting   | 3 4 |  4.0
Dodging        | 3 |  3.0

Action                   |  1- 3 |  4- 6 |  7- 9 || total
-------------------------+-------+-------+-------++-------
Melee: Dagger            |     7 |    27 |     6 ||    40
       Constrict         |     1 |     7 |     7 ||    15
       Tentacles         |       |     6 |     5 ||    11
       Flail             |       |       |    17 ||    17
       Whip              |       |       |    13 ||    13
 Cast: Sting             |    79 |   226 |    43 ||   348
       Mephitic Cloud    |       |     5 |     8 ||    13
  Use: Scroll            |       |     7 |     4 ||    11
       Potion            |       |       |     1 ||     1
 Stab: Distracted        |     1 |       |     1 ||     2
       Confused          |       |     1 |       ||     1
  Eat: Chunk             |     3 |    10 |     3 ||    16
Armor: Skin              |     1 |     6 |     6 ||    13
Dodge: Dodged            |    22 |    74 |    44 ||   140
